 Dungeon Crawl Stone Soup version 0.31-a0-986-g5e6e4ef867 (webtiles) character file.

Game seed: 1321361307997295341

124 Xavori the Trooper (level 5, 0/40 HPs)
             Began as a Djinni Chaos Knight on Nov 5, 2023.
             Was a Plaything of Xom.
             Slain by an adder (4 damage)
             ... on level 3 of the Dungeon.
             The game lasted 00:02:18 (7639 turns).

Xavori the Trooper (Djinni Chaos Knight)            Turns: 7639, Time: 00:02:19

Health: 0/40       AC:  0    Str: 11    XL:     5   Next: 30%
Gold:   115        EV: 12    Int: 13    God:    Xom [.*....] SH:  0 Dex: 15

rFire   + + .        a - +0 falchion (chaos)
rCold   x . .        (no shield)
rNeg    . . .        b - +2 leather armour
rPois   ∞            (no helmet)
rElec   .            (no cloak)
rCorr   .            (no gloves)
SInv    .            (boots unavailable)
Will    .....        (no amulet)
Stlth   +            (no ring)
HPRegen 0.26/turn    (no ring)
MPRegen 0.00/turn

%: infuse magic (-1 HP)
@: corroded, flying
A: sickness immunity, fire resistance 2, cold vulnerability 1, float, innate
caster, HP casting, extra vitality 1, iridescent scales 1, shaggy fur 1
a: Renounce Religion


You were on level 3 of the Dungeon.
You worshipped Xom.
You were a plaything of Xom.
You visited 1 branch of the dungeon, and saw 3 of its levels.

You collected 115 gold pieces.

Inventory:

Hand Weapons
 a - a +0 falchion of chaos (weapon)
Missiles
 n - a throwing net
Armour
 b - a +2 leather armour (worn)
Scrolls
 c - a scroll of butterflies
 d - a scroll of fear {unknown}
 h - a scroll of brand weapon
 l - a scroll of immolation
 m - a scroll of blinking {unknown}
Potions
 e - a potion of brilliance {unknown}
 f - a potion of lignification {unknown}
 g - a potion of attraction {unknown}
 i - 2 potions of enlightenment {unknown}
 j - a potion of curing {unknown}
 k - a potion of heal wounds {unknown}


   Skills:
 + Level 3.5 Fighting
 + Level 3.2 Long Blades
 + Level 2.0 Armour
 + Level 3.0 Dodging
 * Level 1.4 Spellcasting
 * Level 1.4 Conjurations
 * Level 1.4 Hexes
   Level 0.0 Charms
 * Level 1.4 Summonings
 * Level 1.4 Necromancy
 * Level 1.4 Translocations
 * Level 1.4 Transmutations
 * Level 1.4 Fire Magic
 * Level 1.4 Ice Magic
 * Level 1.4 Air Magic
 * Level 1.4 Earth Magic
 * Level 1.4 Poison Magic


You knew the following spells:

 Your Spells              Type           Power      Damage    Failure   Level
a - Slow                  Hex            16%        N/A       21%         1
b - Poisonous Vapours     Pois/Air       8%         N/A       30%         2
Your spell library was empty.

Dungeon Overview and Level Annotations

Branches:
Dungeon (3/15)

Altars:
Gozag
Xom


Innate Abilities, Weirdness & Mutations

You are immune to sickness and miasma.
You are immune to poison.
Your flesh is very heat resistant. (rF++)
You are vulnerable to cold. (rC-)
You float through the air rather than walking.
You learn spells naturally, not from books.
Your magical power is your life essence.
You have superior vitality. (+4 MHP)
You are partially covered in iridescent scales. (AC +2)
You are covered in fur. (AC +1)


Message History

Your Dodging skill increases to level 3!
You have reached level 5!
The power to cast Poisonous Vapours wells up from within.
Spell assigned to 'b'.
You hit the adder.
The adder suddenly seems more resistant.
The adder is severely wounded.
The adder seems less confused.
The adder bites you.
You are too injured to fight recklessly!
You are too injured to fight recklessly!
You are too injured to fight recklessly!
You are too injured to fight recklessly!
You closely miss the adder.
The adder is severely wounded.
The adder bites you.
* * * LOW HITPOINT WARNING * * *
You barely miss the adder.
The adder is severely wounded.
The adder bites you.
* * * LOW HITPOINT WARNING * * *
The adder completely misses you.
You closely miss the adder.
The adder is heavily wounded.
The adder bites you.
* * * LOW HITPOINT WARNING * * *
You hit the adder but do no damage.
Nothing appears to happen.
The adder is heavily wounded.
The adder misses you. The adder bites you.
* * * LOW HITPOINT WARNING * * *
You closely miss the adder.
The adder is heavily wounded.
The adder barely misses you.
You hit the adder but do no damage. You punch the adder.
The adder is severely wounded.
The adder closely misses you. The adder barely misses you.
You barely miss the adder.
The adder is severely wounded.
The adder bites you.
You die... "Huh?
Did I miss anything?"

### # ..#
#.####### ..#
......# .. ....#
##.#### #†.#
#.....
#.###..####.#
##.##............
#)..S@.##..######
#......###..#
#.########...#
##.#..# ##.###.##
#.## ##.#
##.###.## ##.#.##
#..##


You could see an adder (resistant).

Vanquished Creatures
  A jelly (D:3)
  4 gnolls (D:3)
  An adder (D:3)
  2 dart slugs
  3 bats
  6 endoplasms
  5 goblins
  5 hobgoblins
  2 jackals (D:1)
  2 quokkas
  2 ball pythons (D:1)
  5 frilled lizards
  A kobold (D:1)
  4 rats
43 creatures vanquished.

Notes
Turn   | Place    | Note
-------+----------+-------------------------------------------
     0 | D:1      | Xavori the Djinni Chaos Knight began the quest for the Orb.
     0 | D:1      | Reached XP level 1. HP: 20/20 MP: 0/0
     0 | D:1      | XOM: silly message
    97 | D:1      | Reached XP level 2. HP: 17/25 MP: 0/0
   172 | D:1      | XOM: potion effect (attraction)
   533 | D:1      | Reached XP level 3. HP: 30/30 MP: 0/0
   533 | D:1      | Learned a level 1 spell: Slow
  1292 | D:1      | XOM: silly message
  2611 | D:1      | XOM: god gift: ring mail {god gift}
  2817 | D:1      | XOM: summons 2 hostile demons
  2827 | D:2      | XOM: smoke on damage
  2835 | D:2      | XOM: noise
  3173 | D:1      | XOM: god gift: scroll labelled OQIEVOFUOH {god gift}
  3968 | D:1      | XOM: silly message
  4313 | D:1      | XOM: torment (16/30 hp)
  4774 | D:1      | XOM: scenery: create altars
  4793 | D:1      | XOM: summons 2 hostile demons
  5796 | D:1      | XOM: god gift: 6 datura-tipped darts
  6145 | D:1      | XOM: god gift: 50 gold pieces
  6344 | D:1      | XOM: scenery: summon butterflies
  6821 | D:1      | XOM is BORED!
  6876 | D:1      | XOM: give mutations
  6876 | D:1      | Gained mutation: You are partially covered in iridescent
                  | scales. (AC +2) [Xom's grace]
  6876 | D:1      | Gained mutation: You are covered in fur. (AC +1) [Xom's
                  | grace]
  7321 | D:2      | Found an opulent altar of Gozag.
  7390 | D:3      | Reached skill level 1 in Spellcasting
  7390 | D:3      | Reached skill level 1 in Conjurations
  7390 | D:3      | Reached skill level 1 in Hexes
  7390 | D:3      | Reached skill level 1 in Summonings
  7390 | D:3      | Reached skill level 1 in Necromancy
  7390 | D:3      | Reached skill level 1 in Translocations
  7390 | D:3      | Reached skill level 1 in Transmutations
  7390 | D:3      | Reached skill level 1 in Fire Magic
  7390 | D:3      | Reached skill level 1 in Ice Magic
  7390 | D:3      | Reached skill level 1 in Air Magic
  7390 | D:3      | Reached skill level 1 in Earth Magic
  7390 | D:3      | Reached skill level 1 in Poison Magic
  7444 | D:3      | Reached XP level 4. HP: 35/35 MP: 0/0
  7529 | D:3      | XOM: silly message
  7629 | D:3      | XOM: confuse monster(s)
  7632 | D:3      | Reached XP level 5. HP: 18/40 MP: 0/0
  7632 | D:3      | Learned a level 2 spell: Poisonous Vapours
  7639 | D:3      | Slain by an adder

Illustrated notes

Levels and vault maps discovered:
D:1:      lemuel_arrival_hallway, layout_loops_ring
D:2:      layout_rooms, basic_altar, minmay_pentomino_o4
D:3:      layout_loops_ring, grunt_qazlal_clouds, minmay_stone_trees_small,
          minmay_cut_off

Skill      XL: |  1  2  3  4 |
---------------+-------------+-----
Long Blades    | 3 |  3.2
Spellcasting   | 1 |  1.4
Conjurations   | 1 |  1.4
Hexes          | 1 |  1.4
Summonings     | 1 |  1.4
Necromancy     | 1 |  1.4
Translocations | 1 |  1.4
Transmutations | 1 |  1.4
Fire Magic     | 1 |  1.4
Ice Magic      | 1 |  1.4
Air Magic      | 1 |  1.4
Earth Magic    | 1 |  1.4
Poison Magic   | 1 |  1.4
Armour         | 2 |  2.0
Dodging        | 3 |  3.0
Fighting       | |  3.5

Action                     |  1- 3 |  4- 6 || total
---------------------------+-------+-------++-------
  Melee: Falchion          |   121 |    42 ||   163
         Punch             |       |     1 ||     1
   Cast: Slow              |       |     1 ||     1
    Use: Scroll            |     3 |       ||     3
   Stab: Paralysed         |     1 |       ||     1
         Sleeping          |     1 |       ||     1
 Armour: Leather armour    |    71 |    25 ||    96
  Dodge: Dodged            |    74 |    26 ||   100

Table legend: (Time is in decaauts)
 A = Elapsed time spent in this place.
 B = Non-inter-level travel time spent in this place.
 C = Inter-level travel time spent in this place.
 D = Time resting spent in this place.
 E = Time spent auto-exploring this place.
 F = Levels seen in this place.
 G = Mean time per level.
                   A        B        C        D        E       F      G
               +--------+--------+--------+--------+--------+-----+--------+
         Total |   7670 |   7615 |     55 |   6052 |   1158 |   3 | 2556.7 |
       Dungeon |   7670 |   7615 |     55 |   6052 |   1158 |   3 | 2556.7 |
               +--------+--------+--------+--------+--------+-----+--------+

Top non-repeatable levels by time:
     D:1: 6811 daAuts
     D:2: 579 daAuts
     D:3: 279 daAuts
